 Dungeon Crawl Stone Soup version 0.29-a0-334-gb41bcbb86e (webtiles) character file.

Game seed: 7462077384143768775

60 enile the Chiller (level 3, 0/26 HPs)
             Began as a Demigod Ice Elementalist on Apr 14, 2022.
             Succumbed to a goblin's poison
             ... on level 3 of the Dungeon.
             The game lasted 00:03:05 (2770 turns).

enile the Chiller (Demigod Ice Elementalist)        Turns: 2770, Time: 00:03:06

Health: 0/26       AC:  3    Str:  9    XL:     3   Next: 57%
Magic:  5/8        EV: 11    Int: 21    God:
Gold:   11         SH:  0    Dex: 14    Spells: 1/5 levels left

rFire   + + .      SeeInvis .   e - +0 quarterstaff
rCold   . . .      Faith    .   (shield currently unavailable)
rNeg    . . .      Spirit   .   k - +0 leather armour of Deargh {rF++ Slay+5}
rPois   .          Reflect  .   (no helmet)
rElec   .          Harm     .   (no cloak)
rCorr   .          Rampage  .   (no gloves)
Will    .....                   (no boots)
Stlth   ++........              (no amulet)
HPRegen 0.08/turn               (no ring)
MPRegen 0.11/turn               (no ring)

@: lethally poisoned (0 -> -8), weak-willed, hasted, very quick
A: high MP 1, forlorn, divine attributes
a: no special abilities


You were on level 3 of the Dungeon.
You visited 1 branch of the dungeon, and saw 3 of its levels.

You collected 116 gold pieces.
You spent 105 gold pieces at shops.

Inventory:

Hand Weapons
 e - a +0 quarterstaff (weapon)
Armour
 a - a +0 robe
 f - a +1 ring mail of positive energy
 k - the +0 leather armour of Deargh (worn) {rF++ Slay+5}
   (You found it on level 3 of the Dungeon)

   Slay:      It affects your accuracy & damage with ranged weapons and melee
   (+5).
   rF:        It greatly protects you from fire.
Scrolls
 d - 4 scrolls of teleportation
 h - a scroll of holy word
 j - a scroll of identify
Potions
 b - a potion of magic
 g - a potion of attraction


   Skills:
 - Level 1.7 Dodging
 - Level 1.7 Stealth
 - Level 1.7 Spellcasting
 + Level 5.0 Ice Magic


You had one spell level left.
You knew the following spells:

 Your Spells              Type           Power      Damage    Failure   Level
a - Freeze                Ice            92%        1d10      2%          1
b - Frozen Ramparts       Ice            46%        1d6       9%          3

Your spell library contained the following spells:

 Spells                   Type           Power      Damage    Failure   Level
 Ozocubu's Armour         Ice            23%        N/A       9%          3
 Hailstorm                Conj/Ice       12%        3d5       58%         4


Dungeon Overview and Level Annotations

Branches:
Dungeon (3/15)

Shops:
D:2 *??

Annotations:
D:3 Robin


Innate Abilities, Weirdness & Mutations

You have an increased reservoir of magic. (+10% MP)
You shall have no god before yourself.
Your divine heritage dramatically boosts your attributes as you level up.


Message History

You kill the goblin!
You hit the hobgoblin.
The hobgoblin is almost dead.
The hobgoblin misses you.
You hit the hobgoblin.
You kill the hobgoblin!
The goblin hits you with a +1 dagger of venom.
You are poisoned.
Sorry, you're not good enough to have a special ability.
Casting: Freeze (safe; 2% risk of failure)
Confirm with . or Enter, or press ? or * to list all spells.
Aiming: Freeze (safe; 2% risk of failure)
Press: ? - help, Shift-Dir - straight line, f - goblin
Aim: a goblin, wielding a +1 dagger of venom (strong)
You freeze the goblin.
The goblin is almost dead.
You feel sick.
The goblin hits you with a +1 dagger of venom.
You are lethally poisoned!
Casting: Freeze (safe; 2% risk of failure)
Confirm with . or Enter, or press ? or * to list all spells.
Aiming: Freeze (safe; 2% risk of failure)
Press: ? - help, Shift-Dir - straight line, f/p - goblin
Aim: a goblin, wielding a +1 dagger of venom (almost dead, strong)
You freeze the goblin.
You kill the goblin!
* * * LOW HITPOINT WARNING * * *
You feel very sick.
You are lethally poisoned (7 -> -6).
Your movement speed is average.
Your attack delay is about 1.3.
Unknown command.
As you read the scroll labelled SILEIF AQYCO, it crumbles to dust.
Magic quickly surges around you.
It was a scroll of vulnerability.
* * * LOW HITPOINT WARNING * * *
You feel very sick. The goblin barely misses you.
You feel yourself speed up.
* * * LOW HITPOINT WARNING * * *
You feel sick. The goblin barely misses you.
You die...

.. ... ...# # .#
#.###.#.## # . #.#..
#..# #. #.#.#.###..#
#..g#g#.#.#....#########
#ggg..gg...._...........
...g#.#g#.#...#####.####
. # #.#.###.# #.#
#@#...#.# #.#
###.###.#.# #.#
..........# #.#
##..###.### #.#
...<###.### #.#
..........# #...#####.#
##.## ... ###


You could see 3 goblins.

Vanquished Creatures
  An adder (D:3)
  A dart slug (D:1)
  3 orcs (D:3)
  An endoplasm (D:1)
  2 giant cockroaches (D:1)
  9 goblins
  3 hobgoblins
  A quokka (D:1)
  5 ball pythons
  5 bats (D:1)
  3 frilled lizards
  6 kobolds
  4 rats
44 creatures vanquished.

Notes
Turn   | Place    | Note
-------+----------+-------------------------------------------
     0 | D:1      | enile the Demigod Ice Elementalist began the quest for the
                  | Orb.
     0 | D:1      | Reached XP level 1. HP: 14/14 MP: 5/5
   275 | D:1      | Reached skill level 4 in Ice Magic
   403 | D:1      | Reached XP level 2. HP: 20/20 MP: 5/7
  1588 | D:2      | Reached XP level 3. HP: 10/26 MP: 2/8
  1785 | D:2      | Found Zyd Moawu's Magic Scroll Shoppe.
  1822 | D:2      | Bought a scroll of teleportation for 30 gold pieces
  1822 | D:2      | Bought a scroll of teleportation for 30 gold pieces
  1828 | D:2      | Found Vubus's Magic Scroll Emporium.
  1836 | D:2      | Bought a scroll of identify for 24 gold pieces
  2252 | D:2      | Found Boskahal's Assorted Antiques.
  2318 | D:2      | Bought a purple potion for 21 gold pieces
  2629 | D:3      | Learned a level 3 spell: Frozen Ramparts
  2733 | D:3      | Identified the +0 leather armour of Deargh {rF++ Slay+5}
  2758 | D:3      | Noticed Robin
  2761 | D:3      | Reached skill level 5 in Ice Magic
  2770 | D:3      | Succumbed to a goblin's poison

Illustrated notes

Levels and vault maps discovered:
D:1:      amcnicky_arrival_flooded_fountain, layout_loops_corners,
          dk_noncrumbling_4, minmay_misc_feat_room
D:2:      layout_basic, serial_shops, nicolae_shop_trees,
          nicolae_shop_overgrown_old_shop, nicolae_shop_hallway_plus
D:3:      layout_loops_ring, mainiacjoe_overflow_large_starburst,
          cheibrodos_ashenzari_chains, kennysheep_potato, uniq_terence,
          uniq_sigmund, uniq_robin

Skill      XL: |  1  2  3 |
---------------+----------+-----
Ice Magic      | 4 5 |  5.0
Dodging        | |  1.7
Stealth        | |  1.7
Spellcasting   | |  1.7

Action                   || total
-------------------------++-------
Melee: Unarmed           ||    17
       Quarterstaff      ||    27
       Punch             ||     1
 Cast: Freeze            ||    51
       Frozen Ramparts   ||     1
  Use: Scroll            ||     4
       Potion            ||     1
 Stab: Sleeping          ||     2
Armor: Robe              ||    16
       Leather armour    ||     1
Dodge: Dodged            ||    56

Table legend: (Time is in decaauts)
 A = Elapsed time spent in this place.
 B = Non-inter-level travel time spent in this place.
 C = Inter-level travel time spent in this place.
 D = Time resting spent in this place.
 E = Time spent auto-exploring this place.
 F = Levels seen in this place.
 G = Mean time per level.
                   A        B        C        D        E       F      G
               +--------+--------+--------+--------+--------+-----+--------+
         Total |   2777 |   2680 |     97 |      0 |   2358 |   3 |  925.7 |
       Dungeon |   2777 |   2680 |     97 |      0 |   2358 |   3 |  925.7 |
               +--------+--------+--------+--------+--------+-----+--------+

Top non-repeatable levels by time:
     D:1: 1543 daAuts
     D:2: 935 daAuts
     D:3: 297 daAuts
